 Dungeon Crawl Stone Soup version 0.26.1-11-gd32895ea62 (webtiles) character file.

Game seed: 13117092565021617195

89 promet the Covered (level 4, -1/31 HPs)
             Began as a Halfling Fighter on June 14, 2021.
             Was a Follower of Nemelex Xobeh.
             Killed by divine providence
             ... invoked by an orc priest
              (14 damage)
             ... on level 4 of the Dungeon.
             The game lasted 00:09:34 (2337 turns).

promet the Covered (Halfling Fighter)               Turns: 2337, Time: 00:09:35

Health: -1/31      AC:  8    Str: 17    XL:     4   Next: 84%
Magic:  4/4        EV:  9    Int:  7    God:    Nemelex Xobeh [*.....]
Gold:   84         SH:  9    Dex: 13    Spells: 3/3 levels left

rFire    . . .     SeeInvis .   a - +0 rapier
rCold    . . .     Faith    .   c - +0 kite shield
rNeg     + . .     Spirit   .   h - +0 scale mail
rPois    .         Reflect  .   q - +1 helmet
rElec    .         Harm     .   (no cloak)
rCorr    .         Rampage  .   (no gloves)
Will     .....                  m - +1 pair of boots
Stlth    ..........             (no amulet)
HPRegen  0.10/turn              k - ring of positive energy
MPRegen  0.09/turn              (no ring)

@: no status effects
A: small, deformed body, mutation resistance 1
a: Renounce Religion, Draw Escape, Draw Destruction, Draw Summoning


You were on level 4 of the Dungeon.
You worshipped Nemelex Xobeh.
Nemelex Xobeh was aware of your devotion.
You visited 1 branch of the dungeon, and saw 4 of its levels.

You collected 84 gold pieces.

Inventory:

Hand Weapons
 a - a +0 rapier (weapon)
 b - a +0 hunting sling
Missiles
 e - 42 arrows
 f - 138 stones (quivered)
 j - 14 sling bullets
 l - 8 bolts
 n - 3 javelins
 r - 33 poisoned darts
Armour
 c - a +0 kite shield (worn)
 h - a +0 scale mail (worn)
 m - a +1 pair of boots (worn)
 q - a +1 helmet (worn)
Jewellery
 k - a ring of positive energy (left hand)
Wands
 o - a wand of flame (14)
 u - a wand of random effects (11)
Scrolls
 g - 4 scrolls of teleportation
 i - 3 scrolls of identify
 p - 2 scrolls of remove curse
Potions
 d - a potion of might
 s - a potion of magic {unknown}
 t - a potion of heal wounds
 v - a potion of attraction {unknown}


   Skills:
 + Level 3.2 Fighting
 + Level 3.3 Short Blades
 + Level 0.6 Slings
 + Level 4.1 Armour
 + Level 0.8 Dodging
 + Level 3.8 Shields


You had 3 spell levels left.
You didn't know any spells.
Your spell library was empty.

Dungeon Overview and Level Annotations

Branches:
Dungeon (4/15)
 Temple: D:4-7

Altars:
Nemelex Xobeh
Ru


Innate Abilities, Weirdness & Mutations

You are small and have problems with some larger weapons.
You are somewhat resistant to further mutation.
Armour fits poorly on your strangely shaped body.


Message History

The orc hits you with a +0 morningstar. The orc priest barely misses you.
The orc hits you but does no damage.
You hit the orc priest but do no damage.
The orc priest is moderately wounded.
You block the orc's attack.
The orc priest hits you but does no damage.
You block the orc's attack.
You hit the orc priest but do no damage.
The orc priest is moderately wounded.
The orc hits you with a +0 morningstar!
The orc priest hits you but does no damage.
You hit the orc priest.
The orc priest is heavily wounded.
You block the orc's attack.
You hit the orc priest.
The orc priest is almost dead.
The orc priest calls down the wrath of Beogh upon you.
Beogh smites you!
You die...
Your body disappears without a glow.

###...........#
#...........#
##..........#
##..........#
#...........##
#.............
#.........#.. .
#......####....
#..<...@o....).
#......oo.#....
#............. .
#.>.....####....
######### ... .(
.


You could see an orc priest and 2 orcs.

Vanquished Creatures
  4 adders
  2 oozes (D:3)
  A worm (D:2)
  4 orcs (D:3)
  6 bats
  A giant cockroach (D:1)
  2 goblins
  7 hobgoblins
  4 jackals (D:3)
  2 kobolds (D:2)
  A frilled lizard (D:3)
  5 rats
39 creatures vanquished.

Notes
Turn   | Place    | Note
-------+----------+-------------------------------------------
     0 | D:1      | promet the Halfling Fighter began the quest for the Orb.
     0 | D:1      | Reached XP level 1. HP: 15/15 MP: 1/1
   315 | D:1      | Reached XP level 2. HP: 20/20 MP: 2/2
   885 | D:2      | You fall into a shaft and drop 1 floor!
   903 | D:3      | Reached XP level 3. HP: 16/26 MP: 3/3
  1035 | D:3      | Gained mutation: Armour fits poorly on your strangely
                  | shaped body. [potion of mutation]
  1169 | D:2      | Found a sparkling altar of Nemelex Xobeh.
  1174 | D:2      | Became a worshipper of Nemelex Xobeh the Trickster
  1391 | D:2      | Reached skill level 4 in Armour
  1483 | D:2      | Found a sacrificial altar of Ru.
  1498 | D:2      | Reached XP level 4. HP: 27/31 MP: 4/4
  2278 | D:4      | Reached * piety under Nemelex Xobeh
  2337 | D:4      | Killed from afar by an orc priest

Illustrated notes

Levels and vault maps discovered:
D:1:      evilmike_arrival_plus, layout_loops_ring, bh_walls_and_bars
D:2:      layout_rooms, nemelex_xobeh_ov_fountains_minmay,
          nicolae_ru_sacrificial_ziggurat
D:3:      layout_basic
D:4:      minmay_polygon_palace, layout_rooms, abandoned_shop, led_sif_pool

Skill      XL: |  1  2  3 |
---------------+----------+-----
Fighting       | 3 |  3.2
Armour         | 4 |  4.1
Short Blades   | 3 |  3.3
Slings         | |  0.6
Dodging        | |  0.8
Shields        | |  3.8

Action                   |  1- 3 |  4- 6 || total
-------------------------+-------+-------++-------
Melee: Rapier            |    83 |    46 ||   129
 Fire: Hunting sling     |     2 |    22 ||    24
  Use: Scroll            |     6 |     1 ||     7
       Potion            |     4 |       ||     4
Armor: Scale mail        |    42 |    27 ||    69
Dodge: Dodged            |    35 |    23 ||    58
Block: Kite shield       |    59 |    28 ||    87
